 Dungeon Crawl Stone Soup version 0.30.1-3-gfc49f6343a (webtiles) character file.

Game seed: 11289399347418593080

178 croobank the Caller (level 5, -2/34 HPs)
             Began as an Octopode Summoner on July 18, 2023.
             Killed by divine providence
             ... invoked by an orc priest
              (14 damage)
             ... on level 4 of the Dungeon.
             The game lasted 00:08:16 (3109 turns).

croobank the Caller (Octopode Summoner)             Turns: 3109, Time: 00:08:17

Health: -2/34      AC:  1    Str:  8    XL:     5   Next: 58%
Magic:  2/9        EV: 13    Int: 19    God:
Gold:   131        SH:  0    Dex: 12    Spells: 3/9 levels left

rFire   . . .        m - +2 short sword (venom)
rCold   . . .        (no shield)
rNeg    . . .        (helmet restricted)
rPois   .            f - amulet of the acrobat
rElec   .            (no ring)
rCorr   .            (no ring)
SInv    .            (no ring)
Will    .....        (no ring)
Stlth   ++++         (no ring)
HPRegen 0.25/turn    (no ring)
MPRegen 0.11/turn    (no ring)
                     (no ring)

%: acrobat
@: studying Axes
A: almost no armour, amphibious, 8 rings, camouflage 1, gelatinous body 1,
(nimble swimmer 1), tentacles
a: no special abilities


You were on level 4 of the Dungeon.
You visited 1 branch of the dungeon, and saw 4 of its levels.

You collected 131 gold pieces.

Inventory:

Hand Weapons
 b - a +0 dagger
 c - a +3 flail of holy wrath
 h - a +2 spear of venom
 m - a +2 short sword of venom (weapon)
Missiles
 l - 3 boomerangs (quivered)
Jewellery
 f - an amulet of the acrobat (around mantle)
Scrolls
 d - a scroll of magic mapping
 g - a scroll of poison
 k - a scroll of identify
Potions
 a - 2 potions of magic
 e - a potion of heal wounds {unknown}
 i - 4 potions of degeneration {unknown}
 j - a potion of resistance {unknown}


   Skills:
 * Level 1.9 Fighting
 + Level 0.7 Axes
 * Level 2.9 Dodging
 * Level 4.4 Stealth
 * Level 2.8 Spellcasting
 * Level 4.6 Summonings


You had 3 spell levels left.
You knew the following spells:

 Your Spells              Type           Power      Damage    Failure   Level
a - Summon Small Mammal   Summ           80%        N/A       2%          1
b - Call Imp              Summ           40%        N/A       3%          2
c - Call Canine Familiar  Summ           20%        N/A       7%          3

Your spell library contained the following spells:

 Spells                   Type           Power      Damage    Failure   Level
 Summon Guardian Golem    Hex/Summ       11%        N/A       19%         3
 Summon Lightning Spire   Summ/Air       11%        N/A       52%         4
 Malign Gateway           Summ/Tloc      5%         N/A       100%        7
 Summon Horrible Things   Summ           10%        N/A       100%        8


Dungeon Overview and Level Annotations

Branches:
Dungeon (4/15)
 Temple: D:4-7

Altars:


Innate Abilities, Weirdness & Mutations

You cannot wear most types of armour.
You are amphibious.
You can wear up to eight rings at the same time.
Your skin changes colour to match your surroundings (Stealth+).
Your rubbery body absorbs attacks. (AC +1, EV +1)
((You are camouflaged when in or above water. (Stealth+)))
You have tentacles for arms and can constrict up to eight enemies at once.


Message History

You swap places.
You swap places.
You now have 127 gold pieces (gained 13).
Things that are here:
a +0 dagger; a +2 leather armour of cold resistance You swap places.
d - a scroll of magic mapping You now have 131 gold pieces (gained 4).
Things that are here:
a +0 club; a +0 ring mail An orc wizard comes into view.
It is wielding a +0 dagger.
The orc wizard shouts!
You hear a shout!
An orc priest comes into view.
It is wielding a +3 falchion of holy wrath.
The orc wizard points at you and mumbles some strange words.
The puff of flame hits you!
Found a scroll of teleportation.
An orc comes into view. It is wielding a +0 club.
An orc comes into view. It is wielding a +0 hand axe.
The orc priest calls down the wrath of Beogh upon you.
Pain shoots through your body!
The orc wizard mumbles some strange words.
The orc wizard flickers and vanishes!
Deactivating autopickup; reactivate with Ctrl-A.
You swap places.
An orc comes into view. It is wielding a +0 hand axe.
Found 14 gold pieces.
Found an escape hatch in the ceiling.
The orc priest begins to cast a cantrip, but forgets the words!
Something hits you.
You see here 3 scrolls labelled RAIKLA UDIUROMM.
You swap places.
The orc closely misses your quokka. Something barely misses your quokka.
Your hound bites something.
Okay, then.
Casting: Summon Small Mammal (safe; 2% risk of failure)
Confirm with . or Enter, or press ? or * to list all spells.
A tiny devil pulls itself out of the air.
Your cerulean imp disappears in a puff of smoke!
Your hound bites something.
The orc closely misses your hound.
The orc priest mumbles some strange prayers to Beogh against you.
Beogh smites you!
You die...

.........)..)..# .##
#........).)..##...#
##................#
#####.#....).###.#
###.......####..
##...............
...#.............
.##....r......#..
.......@ยง........
.......r.5.o.....
......o.h.......#
..##...o.......## .
###.o........
#....?.....
...........
..........
.<.$.......


You could see an orc priest, 3 orcs, a friendly hound (summoned), a friendly
cerulean imp (summoned), a friendly quokka (summoned) and a friendly rat
(summoned).

Vanquished Creatures
  3 gnolls
  A dart slug (D:4)
  An orc (D:3)
  4 bats
  4 endoplasms
  3 giant cockroaches
  10 goblins
  2 hobgoblins (D:1)
  8 jackals
  2 quokkas (D:2)
  2 ball pythons (D:2)
  A frilled lizard (D:3)
  3 kobolds
  2 rats (D:3)
46 creatures vanquished.

Vanquished Creatures (collateral kills)
  A gnoll bouda (D:4)
  3 gnolls
  An adder (D:2)
  2 orcs (D:4)
  4 ball pythons
  An endoplasm (D:4)
  A giant cockroach (D:1)
  2 goblins (D:1)
  A hobgoblin (D:2)
  4 jackals (D:1)
  2 quokkas
  2 bats
  A frilled lizard (D:2)
  A kobold (D:1)
  A rat (D:1)
27 creatures vanquished.

Grand Total: 73 creatures vanquished

Notes
Turn   | Place    | Note
-------+----------+-------------------------------------------
     0 | D:1      | croobank the Octopode Summoner began the quest for the Orb.
     0 | D:1      | Reached XP level 1. HP: 11/11 MP: 3/3
   220 | D:1      | Reached XP level 2. HP: 17/17 MP: 1/5
   287 | D:1      | You fall into a shaft and drop 1 floor!
   334 | D:1      | Found a faded altar of an unknown god.
   501 | D:1      | Learned a level 2 spell: Call Imp
   550 | D:1      | Reached XP level 3. HP: 22/22 MP: 6/6
   554 | D:1      | Learned a level 3 spell: Call Canine Familiar
  1001 | D:2      | Reached skill level 1 in Fighting
  1005 | D:2      | Reached XP level 4. HP: 28/28 MP: 2/7
  2988 | D:4      | Reached XP level 5. HP: 31/33 MP: 9/9
  3109 | D:4      | Killed from afar by an orc priest

Illustrated notes

Levels and vault maps discovered:
D:1:      dpeg_arrival_round_a, layout_basic,
          hellmonk_ecumenical_altar_prayer_group, hangedman_decor_push
D:2:      layout_basic
D:3:      layout_loops_corners, hangedman_decor_clover_reticule
D:4:      layout_rooms, lemuel_doored_altar, minmay_temple_entry_enclosed_plants

Skill      XL: |  1  2  3  4 |
---------------+-------------+-----
Stealth        | 3 4 |  4.4
Fighting       | 1 |  1.9
Axes           | |  0.7
Dodging        | |  2.9
Spellcasting   | |  2.8
Summonings     | |  4.6

Action                     |  1- 3 |  4- 6 || total
---------------------------+-------+-------++-------
  Melee: Dagger            |    22 |    13 ||    35
         Constrict         |     8 |    21 ||    29
         Tentacles         |     7 |     5 ||    12
         Punch             |     1 |     1 ||     2
         Flail             |       |    54 ||    54
         Short sword       |       |     6 ||     6
  Throw: Boomerang         |       |     1 ||     1
   Cast: Summon Small Mamm |    12 |     6 ||    18
         Call Imp          |     1 |     5 ||     6
         Call Canine Famil |     3 |     5 ||     8
    Use: Scroll            |       |     5 ||     5
   Stab: Sleeping          |     5 |    12 ||    17
 Armour: Skin              |     3 |     8 ||    11
  Dodge: Dodged            |    22 |    87 ||   109
